 Dungeon Crawl Stone Soup version 0.21.1-1-g345015fe64 (webtiles) character file.

77 Kohma the Skirmisher (level 4, -2/29 HPs)
             Began as a Gargoyle Fighter on June 20, 2018.
             Slain by an iguana (5 damage)
             ... on level 3 of the Dungeon.
             The game lasted 00:04:36 (1952 turns).

Kohma the Skirmisher (Gargoyle Fighter)             Turns: 1952, Time: 00:04:36

Health: -2/29      AC: 10    Str: 21    XL:     4   Next: 33%
Magic:  4/4        EV:  7    Int:  8    God:
Gold:   108        SH:  9    Dex:  9    Spells: 3/3 levels left

rFire    . . .     SeeInvis .   b - +1 whip (holy)
rCold    . . .     Gourm    .   c - +0 shield
rNeg     + . .     Faith    .   k - +0 scale mail
rPois    ∞         Spirit   .   (no helmet)
rElec    +         Reflect  .   (no cloak)
rCorr    .         Harm     .   (no gloves)
MR       .....                  (no boots)
Stlth    ..........             (no amulet)
HPRegen  0.09/turn              (no ring)
MPRegen  0.09/turn              (no ring)

@: flying
A: negative energy resistance 1, electricity resistance, unbreathing,
petrification resistance, rot immunity, AC +3
a: no special abilities


You were on level 3 of the Dungeon.
You were not hungry.

You visited 1 branch of the dungeon, and saw 3 of its levels.

You collected 108 gold pieces.

Inventory:

Hand Weapons
 a - a +0 flail
 b - a +1 whip of holy wrath (weapon)
Missiles
 m - 20 bolts
Armour
 c - a +0 shield (worn)
 i - a +0 cloak
 k - a +0 scale mail (worn)
 q - a +0 shield
Jewellery
 n - a +5 ring of strength {unknown}
Scrolls
 e - 6 scrolls of identify {unknown}
 h - a scroll of remove curse {unknown}
 j - a scroll of noise {unknown}
Potions
 d - a potion of might
 l - a potion of berserk rage {unknown}
 o - a potion of flight
 p - a potion of curing
 r - a potion of agility {unknown}
Comestibles
 f - a ration
 g - 2 chunks of flesh


   Skills:
 * Level 4.1 Fighting
 * Level 3.0 Maces & Flails
 + Level 3.7 Armour
 + Level 3.7 Shields


You had 3 spell levels left.
You didn't know any spells.

Dungeon Overview and Level Annotations

Branches:
Dungeon (3/15)

Altars:
Uskayaw


Innate Abilities, Weirdness & Mutations

You are resistant to torment.
Your stone body is resilient. (AC +3)
You are immune to poison.
You resist negative energy. (rN+)
You are resistant to electric shocks. (rElec)
You can survive without breathing.
You are immune to petrification.
You are immune to rotting.


Message History

The iguana is heavily wounded.
You block the iguana's attack. The bat hits you but does no damage.
You barely miss the iguana.
The iguana is heavily wounded.
You block the bat's attack. You block the iguana's attack.
You barely miss the iguana.
The iguana is heavily wounded.
You block the bat's attack. You block the iguana's attack.
You hit the iguana.
The iguana is almost dead.
The bat hits you but does no damage. The iguana bites you!
* * * LOW HITPOINT WARNING * * *
You hit the iguana but do no damage.
The iguana is almost dead.
The bat hits you but does no damage.
The iguana bites you but does no damage.
You closely miss the iguana.
The iguana is almost dead.
The bat hits you but does no damage. The iguana bites you.
You die...

........ .##... .##....
........
...#.#................
#.....................
#.....................
#..................###
#..!...............
###..................###
#...b..@................
###.)..l..............#.
#...................##
.......................
.............#......##.#
.....<.####..#..........
....... #........####.
....... #....#........
##########.##.#......##


You could see an iguana and a bat.

Vanquished Creatures
  2 adders
  An ooze (D:3)
  2 worms (D:2)
  A dart slug (D:1)
  2 leopard geckos
  A giant cockroach (D:1)
  5 goblins
  8 hobgoblins
  6 kobolds
  A quokka (D:3)
  A ball python (D:1)
  6 bats
  3 frilled lizards
  9 rats
48 creatures vanquished.

Notes
Turn   | Place    | Note
-------+----------+-------------------------------------------
     0 | D:1      | Kohma the Gargoyle Fighter began the quest for the Orb.
     0 | D:1      | Reached XP level 1. HP: 14/14 MP: 1/1
   192 | D:1      | Reached XP level 2. HP: 15/19 MP: 2/2
   739 | D:2      | Found a hide-covered altar of Uskayaw.
   864 | D:2      | Reached XP level 3. HP: 18/24 MP: 3/3
  1653 | D:3      | Reached skill level 4 in Fighting
  1696 | D:3      | Reached XP level 4. HP: 29/29 MP: 4/4
  1952 | D:3      | Slain by an iguana

Skill      XL: |  1  2  3  4 |
---------------+-------------+-----
Fighting       | 4 |  4.1
Maces & Flails | 3 |  3.0
Armour         | |  3.7
Shields        | |  3.7

Action                   |  1- 3 |  4- 6 || total
-------------------------+-------+-------++-------
Melee: Flail             |    38 |       ||    38
       Whip              |   147 |    68 ||   215
  Use: Potion            |       |     2 ||     2
  Eat: Chunk             |     3 |     1 ||     4
Armor: Scale mail        |    75 |    50 ||   125
Dodge: Dodged            |    44 |    14 ||    58
Block: Shield            |    83 |    50 ||   133
